 Dungeon Crawl Stone Soup version 0.18-a0-1542-g9c1a92e (webtiles) character file.

592 lorenzova the Sneak (level 7, -7/32 HPs)
             Began as a Spriggan Enchanter on Mar 10, 2016.
             Mangled by an ogre
             ... wielding a +0 giant spiked club
              (24 damage)
             ... on level 5 of the Dungeon.
             The game lasted 00:09:15 (4309 turns).

lorenzova the Sneak (Spriggan Enchanter)            Turns: 4309, Time: 00:09:15

Health: -7/32      AC:  8    Str:  5    XL:     7   Next: 16%
Magic:  10/17      EV: 18    Int: 17    God:
Gold:   26         SH:  0    Dex: 17    Spells: 3 memorised, 13 levels left

rFire  + . .     SeeInvis +     n - +2 dagger (protect)
rCold  + . .     Gourm    .     v - +1 robe {rC+}
rNeg   . . .     Faith    .     (shield restricted)
rPois  .         Spirit   .     (helmet restricted)
rElec  .         Dismiss  .     (no cloak)
rCorr  .         Reflect  .     (gloves unavailable)
SustAt .         Harm     .     (boots unavailable)
MR     +....                    (no amulet)
Stlth  ++++......               (no ring)
                                g - ring of protection from fire

@: very quick, somewhat resistant to hostile enchantments, stealthy
A: unfitting armour, see invisible, herbivore 3, speed 3, slow metabolism 2
a: no special abilities


You were on level 5 of the Dungeon.
You were hungry.

You visited 1 branch of the dungeon, and saw 5 of its levels.

You collected 162 gold pieces.
You spent 136 gold pieces at shops.

Inventory:

Hand Weapons
 n - a +2 dagger of protection (weapon)
Armour
 v - a +1 robe of cold resistance (worn)
Jewellery
 g - a ring of protection from fire (left hand)
Wands
 e - a wand of slowing (34/48)
 q - a wand of slowing (33/48)
Scrolls
 b - a scroll of fog {unknown}
 f - 2 scrolls of remove curse {unknown}
 j - 3 scrolls of teleportation
 m - a scroll of recharging {unknown}
 s - 3 scrolls of blinking
 t - 3 scrolls of noise {unknown}
 u - a scroll of immolation {unknown}
Potions
 a - 2 potions of flight
 h - a potion of cure mutation {unknown}
 i - a potion of haste
 k - 2 potions of curing
 l - a potion of magic
 o - 2 potions of lignification
 r - a potion of heal wounds
Books
 c - a book of Maledictions

   Spells                             Type                      Level
   a - Corona                         Hexes                        1
   b - Ensorcelled Hibernation        Hexes/Ice                    2
   c - Confuse                        Hexes                        3
   d - Tukima's Dance                 Hexes                        3
   e - Dazzling Spray                 Conjuration/Hexes            3
 p - a book of Necromancy

   Spells                             Type                      Level
   a - Pain                           Necromancy                   1
   b - Animate Skeleton               Necromancy                   1
   c - Vampiric Draining              Necromancy                   3
   d - Regeneration                   Charms/Necromancy            3
   e - Animate Dead                   Necromancy                   4
   f - Control Undead                 Necromancy                   4
Comestibles
 d - 4 bread rations


   Skills:
 - Level 1.1 Short Blades
 - Level 3.0 Dodging
 + Level 6.8 Stealth
 * Level 6.5 Spellcasting
 * Level 6.8 Hexes


You had 13 spell levels left.
You knew the following spells:

 Your Spells              Type           Power        Failure   Level  Hunger
a - Corona                Hex            ####...      1%          1    None
b - Ensorcelled Hibernat  Hex/Ice        ###...       4%          2    None
c - Confuse               Hex            ####....     2%          3    ##.....


Dungeon Overview and Level Annotations

Branches:
Dungeon (5/15)             Temple (0/1) D:4

Altars:
Cheibriados
Dithmenos
Makhleb
Pakellas
Ru
Yredelemnul

Shops:
D:4 [   D:5 ?


Innate Abilities, Weirdness & Mutations

You are tiny and cannot use many weapons and most armour.
You have supernaturally acute eyesight.
You are a herbivore.
You cover ground extremely quickly.
You need consume almost no food.


Message History

The ogre resists with significant effort.
Casting: Confuse
Confirm with . or Enter, or press ? or * to list all spells.
Aiming: Confuse
Press: ? - help, Shift-Dir - straight line, f/p - ogre
Aim: an ogre, wielding a giant spiked club (lightly wounded, chance to defeat MR: 57%)
The ogre resists with significant effort.
The worker ant bites you.
Casting: Confuse
Confirm with . or Enter, or press ? or * to list all spells.
Aiming: Ensorcelled Hibernation
Press: ? - help, Shift-Dir - straight line, f/p - ogre
Aim: an ogre, wielding a giant spiked club (chance to defeat MR: 47%)
The worker ant looks drowsy...
The helpless worker ant fails to defend itself.
You impale the worker ant!!
You kill the worker ant!
The ogre hits you with a giant spiked club!!
Ouch! That really hurt!
You die...

#.##...<....^.#.###.#
#.##.##.#.###.#.###.#
#.##.##.#.###........
#.......#.......####.
####.############ #..
#.# ##########. #.#
#.......### #.#
#.......# #
#@######.......# #
#†O............# #
#.....#....)...# #
#..............# #
#..♣♣..........# #
#.....#.##§§#### #
#.....#.##§§§.. #
##......##._..## #
####.####...##


You could see an ogre.

Vanquished Creatures
  Sigmund (D:4)
  A hound (D:4)
  4 orc wizards
  Jessica (D:2)
  Natasha (D:4)
  3 worker ants
  10 adders
  A worm (D:3)
  A dart slug (D:3)
  3 giant geckos
  11 orcs
  8 bats
  6 giant cockroaches
  6 goblins (D:2)
  6 hobgoblins
  7 jackals
  A quokka (D:3)
  2 ball pythons (D:2)
  5 giant newts
  8 kobolds
  5 rats
91 creatures vanquished.

Notes
Turn   | Place    | Note
--------------------------------------------------------------
     0 | D:1      | lorenzova the Spriggan Enchanter began the quest for the Orb.
     0 | D:1      | Reached XP level 1. HP: 9/9 MP: 5/5
   125 | D:1      | Reached XP level 2. HP: 2/13 MP: 4/7
   388 | D:1      | Learned a level 2 spell: Ensorcelled Hibernation
   869 | D:1      | Reached XP level 3. HP: 14/16 MP: 2/9
   874 | D:1      | Learned a level 3 spell: Confuse
   982 | D:2      | Found a burning altar of Makhleb.
  1597 | D:2      | Noticed Jessica
  1598 | D:2      | Found an oddly glowing altar of Pakellas.
  1607 | D:2      | Killed Jessica
  1607 | D:2      | Reached skill level 5 in Stealth
  1607 | D:2      | Reached XP level 4. HP: 21/21 MP: 3/11
  2279 | D:3      | Found a sacrificial altar of Ru.
  2429 | D:3      | Found a basalt altar of Yredelemnul.
  2564 | D:3      | Found a snail-covered altar of Cheibriados.
  2572 | D:3      | Reached XP level 5. HP: 16/24 MP: 8/13
  2593 | D:3      | Reached skill level 5 in Hexes
  2746 | D:3      | Reached skill level 5 in Spellcasting
  3197 | D:4      | Reached XP level 6. HP: 26/28 MP: 4/15
  3353 | D:4      | Noticed Natasha
  3360 | D:4      | Killed Natasha
  3368 | D:4      | Noticed Sigmund
  3738 | D:4      | Found a staircase to the Ecumenical Temple.
  3848 | D:4      | Found Ruco's Armour Shoppe.
  3972 | D:4      | Killed Sigmund
  3972 | D:4      | Reached XP level 7. HP: 32/32 MP: 15/17
  4164 | D:5      | Entered Level 5 of the Dungeon
  4202 | D:5      | Found Omnussag's Magic Scroll Shop.
  4213 | D:5      | Bought a scroll of blinking for 97 gold pieces
  4213 | D:5      | Bought a scroll of teleportation for 39 gold pieces
  4288 | D:5      | Found a shadowy altar of Dithmenos.
  4309 | D:5      | Mangled by an ogre

Vault maps used:
D:1:      dpeg_arrival_erosion
D:2:      grunt_pakellas_mercury, bloody_makhleb, uniq_jessica
D:3:      lemuel_crystal_altar, lemuel_doored_altar, first_bread,
          cheibriados_altar_wand_db
D:4:      minmay_temple_entry_statues, serial_shops, kennysheep_mini,
          grunt_ministairs_10, uniq_natasha, uniq_sigmund
D:5:      nicolae_tso_besieged_by_evil, lemuel_blue_sif_altar, serial_shops,
          shop_statue, serial_park_tiny_1, grunt_dithmenos_smoke, uniq_duvessa

Skill      XL: |  1  2  3  4  5  6 |
---------------+-------------------+-----
Spellcasting   | 3 4 5 6 |  6.5
Hexes          | 4 5 6 |  6.8
Stealth        | 5 6 |  6.8
Short Blades   | |  1.1
Dodging        | |  3.0

Action                   |  1- 3 |  4- 6 |  7- 9 || total
-------------------------+-------+-------+-------++-------
Melee: Dagger            |   112 |   164 |    22 ||   298
 Cast: Corona            |     5 |       |       ||     5
       Ensorcelled Hiber |     9 |    20 |     1 ||    30
       Confuse           |       |     9 |     2 ||    11
  Use: Scroll            |       |       |     6 ||     6
 Stab: Sleeping          |    10 |    28 |     6 ||    44
       Distracted        |     1 |     1 |       ||     2
       Confused          |       |     5 |       ||     5
  Eat: Royal jelly       |       |     1 |       ||     1
